Map: Templo Congelado

Players

TheZergLord

  • Race: Zerg Zerg
  • League: Master

Predator - Winner!

  • Race: Zerg Zerg
  • League: Master

VOD

Have the link to the VOD?

Description

Time

  • Played on: April 26, 2016, 9:29 a.m.
  • Length: 6:02
Show
View Real Time Build Order
Export as new Build Order

TheZergLord Zerg 

Build Orders: Pool First, Zergling Baneling 

Get SALT Encoding   

  12  0:01  Drone  
  13  0:16  Drone  
  14  0:24  Extractor  
  14  0:25  Drone  
  14  0:32  Spawning Pool  
  13  0:37  Drone  
  14  0:47  Extractor, Drone  
  15  0:52  Overlord  
  15  1:11  Drone x2  
  17  1:19  Queen  
  17  1:22  Zergling x2  
  20  1:26  Metabolic Boost  
  20  1:31  Zergling x2  
  21  1:41  Zergling x2  
  21  1:47  Baneling Nest  
  21  1:52  Overlord  
  21  2:02  Zergling x2  
  22  2:13  Zergling x2  
  23  2:24  Zergling x2  
  23  2:28  Zergling x6  
  27  2:30  Baneling x2  
  27  2:31  Baneling  
  27  2:37  Baneling  
  27  2:49  Hatchery  
  26  2:53  Overlord  
  18  3:13  Drone x4  
  18  3:17  Zergling x2  
  22  3:26  Zergling x2  
  23  3:35  Baneling x2  
  23  3:37  Zergling x2  
  24  3:46  Baneling x2  
  24  3:49  Zergling x6  
  27  3:56  Queen  
  27  4:02  Baneling  
  26  4:04  Zergling x2  
  26  4:05  Zergling x2  
  28  4:19  Hatchery  
  27  4:24  Drone  
  27  4:25  Drone x3  
  31  4:32  Queen  
  31  4:38  Overlord  
  27  4:53  Zergling x2  
  28  5:01  Zergling x2  
  28  5:03  Zergling x2  
  28  5:04  Zergling x4  
  31  5:09  Zergling x2  
  31  5:13  Baneling x2  
  32  5:18  Queen  
  18  5:37  Zergling x8  
  18  5:38  Zergling x2  
Show
View Real Time Build Order
Export as new Build Order

Predator Zerg - Winner!

Build Orders: Pool First 

Get SALT Encoding   

  12  0:01  Drone  
  13  0:13  Overlord  
  13  0:18  Drone  
  14  0:31  Drone x2  
  16  0:38  Drone  
  17  0:48  Spawning Pool  
  17  0:49  Drone  
  17  1:10  Hatchery  
  16  1:15  Extractor, Drone  
  16  1:18  Drone  
  16  1:21  Drone  
  18  1:29  Drone  
  19  1:36  Queen  
  21  1:42  Overlord  
  21  1:54  Zergling x2  
  22  2:04  Drone  
  23  2:11  Drone  
  24  2:15  Metabolic Boost  
  24  2:22  Queen, Drone  
  25  2:26  Drone  
  28  2:35  Spine Crawler, Drone x2  
  29  2:43  Spine Crawler, Zergling x2  
  30  2:44  Zergling x2  
  30  2:45  Zergling x2  
  30  2:49  Zergling x2  
  30  2:50  Zergling x2  
  33  2:56  Zergling x4  
  35  3:07  Zergling x2  
  35  3:08  Zergling x2  
  31  3:16  Zergling x2  
  31  3:18  Drone  
  33  3:24  Drone x2  
  35  3:32  Overlord x2  
  35  3:40  Baneling Nest  
  34  3:55  Drone x6  
  37  4:05  Queen  
  39  4:20  Zergling x6, Drone x2  
  39  4:21  Zergling x2  
  44  4:27  Zergling x2, Drone  
  44  4:28  Zergling x2  
  47  4:33  Baneling x4  
  47  4:42  Zergling x4, Drone  
  47  4:43  Zergling x2  
  47  4:44  Zergling x2  
  50  4:48  Zergling x4  
  44  4:54  Zergling x2  
  44  4:55  Zergling x2  
  43  5:02  Drone x2  
  43  5:04  Zergling x2  
  43  5:06  Zergling x2  
  46  5:14  Zergling x2  
  46  5:15  Zergling x2  
  46  5:20  Zergling x2  
  48  5:33  Zergling x4  
  46  5:38  Zergling x2  
  46  5:39  Baneling  
  47  5:43  Baneling x2  
Tags
 
Add a new tag
Caveats
  • Supply blocks, unpowered buildings, or Contaminate may cause inaccurate times.
  • Supply counts are checked every 10 seconds.